 Dungeon Crawl Stone Soup version 0.21.1-1-g345015f (webtiles) character file.

107 inc the Digger (level 4, 0/27 HPs)
             Began as an Octopode Earth Elementalist on June 10, 2018.
             Slain by an ooze (3 damage)
             ... on level 2 of the Dungeon.
             The game lasted 00:02:06 (2119 turns).

inc the Digger (Octopode Earth Elementalist)        Turns: 2119, Time: 00:02:06

Health: 0/27       AC:  1    Str:  7    XL:     4   Next: 86%
Magic:  0/7        EV: 13    Int: 18    God:
Gold:   96         SH:  0    Dex: 12    Spells: 4/7 levels left

rFire    . . .     SeeInvis .   (no weapon)
rCold    . . .     Gourm    .   (no shield)
rNeg     . . .     Faith    .   (helmet restricted)
rPois    .         Spirit   .   (no amulet)
rElec    .         Reflect  .   (no ring)
rCorr    .         Harm     .   (no ring)
MR       .....                  (no ring)
Stlth    +++.......             (no ring)
HPRegen  0.09/turn              (no ring)
MPRegen  0.10/turn              (no ring)
                                (no ring)
                                (no ring)

@: very slightly contaminated
A: almost no armour, stealthy swim, amphibious, 8 rings, constrict 8, camouflage
1, gelatinous body 1
a: no special abilities


You were on level 2 of the Dungeon.
You were very hungry.

You visited 1 branch of the dungeon, and saw 2 of its levels.

You collected 96 gold pieces.

Inventory:

Missiles
 b - 49 stones (quivered)
Jewellery
 e - a cursed amulet of inaccuracy {unknown}
 i - an uncursed amulet of harm {unknown}
Scrolls
 a - 4 scrolls of remove curse {unknown}
 f - a scroll of enchant weapon {unknown}
 g - 5 scrolls of identify {unknown}
 h - a scroll of teleportation {unknown}
Potions
 j - a potion of curing {unknown}
Books
 d - a book of Geomancy

   Spells                             Type                      Level
   a - Sandblast                      Earth                        1
   b - Passwall                       Transmutation/Earth          2
   c - Stone Arrow                    Conjuration/Earth            3
   d - Petrify                        Transmutation/Earth          4
   e - Lee's Rapid Deconstruction     Earth                        5
Comestibles
 c - 3 rations


   Skills:
 - Level 2.0 Dodging
 - Level 2.6 Stealth
 - Level 2.0 Spellcasting
 - Level 1.0 Transmutations
 + Level 5.4 Earth Magic


You had 4 spell levels left.
You knew the following spells:

 Your Spells              Type           Power        Failure   Level  Hunger
a - Sandblast             Erth           ###...       1%          1    #......
b - Passwall              Tmut/Erth      ##........   8%          2    ###....


Dungeon Overview and Level Annotations

Branches:
Dungeon (2/15)

Altars:
Ru


Innate Abilities, Weirdness & Mutations

You cannot wear most types of armour.
You are very stealthy in the water. (Stealth+)
You are amphibious.
You can wear up to eight rings at the same time.
You can use your tentacles to constrict eight enemies at once.
Your skin changes colour to match your surroundings (Stealth+).
Your rubbery body absorbs attacks. (AC +1, EV +1)


Message History

The blast of sand hits the ooze.
The ooze is severely wounded.
b - 49 stones The ooze hits you.
* * * LOW HITPOINT WARNING * * *
Casting: Sandblast
Confirm with . or Enter, or press ? or * to list all spells.
You don't have enough magic to cast that spell.
A dart slug comes into view.
The dart slug moves out of view.
Found a scroll labeled TIZOSCH JEUNT.
Found a stone staircase leading up.
Casting: Sandblast
Confirm with . or Enter, or press ? or * to list all spells.
Aiming: Sandblast
Press: ? - help, Shift-Dir - straight line, f/p - ooze
Aim: an ooze (severely wounded)
You miscast Sandblast.
You are very lightly contaminated with residual magic.
Your tentacles feels warm.
The ooze hits you.
You die...

# #####.....# #
###.....#...#
######...#####...#
.....#.### #####
.......####
####...[..#######
##..#.##.....h.# .
##..##...######J####..?<
#..#####..# #.@.......
..## ##.### #####.....
### #...####..<. ... #
###......# . #
#....##### #...##.#
#..## #.# ######. #.#
...... #.#


You could see an ooze and a jackal.

Vanquished Creatures
  A centaur skeleton (D:2)
  A worker ant (D:2)
  An adder (D:2)
  An ooze (D:2)
  A leopard gecko (D:2)
  A ball python (D:2)
  3 giant cockroaches
  2 goblins
  4 hobgoblins
  6 jackals
  A quokka (D:2)
  4 bats
  2 frilled lizards
  3 kobolds
  7 rats
38 creatures vanquished.

Notes
Turn   | Place    | Note
-------+----------+-------------------------------------------
     0 | D:1      | inc the Octopode Earth Elementalist began the quest for the Orb.
     0 | D:1      | Reached XP level 1. HP: 11/11 MP: 3/3
   349 | D:1      | Reached XP level 2. HP: 17/17 MP: 5/5
   615 | D:1      | Learned a level 2 spell: Passwall
  1456 | D:1      | Reached skill level 4 in Earth Magic
  1519 | D:2      | Reached XP level 3. HP: 17/21 MP: 6/6
  1543 | D:2      | Found a sacrificial altar of Ru.
  1730 | D:2      | Reached XP level 4. HP: 13/27 MP: 3/7
  2037 | D:2      | Reached skill level 5 in Earth Magic
  2119 | D:2      | Slain by an ooze

Skill      XL: |  1  2  3  4 |
---------------+-------------+-----
Earth Magic    | 4 5 |  5.4
Dodging        | |  2.0
Stealth        | |  2.6
Spellcasting   | |  2.0
Transmutations | |  1.0

Action                   |  1- 3 |  4- 6 || total
-------------------------+-------+-------++-------
Melee: Unarmed           |    83 |    10 ||    93
       Constrict         |    23 |     2 ||    25
       Tentacles         |    13 |     2 ||    15
 Cast: Sandblast         |    12 |    13 ||    25
 Stab: Sleeping          |     6 |       ||     6
  Eat: Chunk             |     2 |     1 ||     3
Armor: Skin              |    10 |       ||    10
Dodge: Dodged            |    67 |    10 ||    77
